 Dungeon Crawl Stone Soup version 0.28.0-43-g3370ac3207 (webtiles) character file.

Game seed: 6486047999932271614

74 diana the Twirler (level 4, -2/35 HPs)
             Began as a Demonspawn Gladiator on Mar 20, 2022.
             Killed from afar by Natasha (4 damage)
             ... with a magic dart
             ... on level 2 of the Dungeon.
             The game lasted 00:03:58 (2081 turns).

diana the Twirler (Demonspawn Gladiator)            Turns: 2081, Time: 00:03:58

Health: -2/35      AC:  0    Str: 17    XL:     4   Next: 9%
Magic:  4/4        EV: 15    Int:  9    God:
Gold:   85         SH:  0    Dex: 14    Spells: 3/3 levels left

rFire   . . .      SeeInvis .   (weapon currently unavailable)
rCold   . . .      Faith    .   (shield currently unavailable)
rNeg    . . .      Spirit   .   (armour currently unavailable)
rPois   .          Reflect  .   (helmet currently unavailable)
rElec   .          Harm     .   (cloak currently unavailable)
rCorr   .          Rampage  .   (gloves currently unavailable)
Will    .....                   (boots currently unavailable)
Stlth   +.........              (no amulet)
HPRegen 0.11/turn               (ring currently unavailable)
MPRegen 0.09/turn               (ring currently unavailable)

@: pig-form (expiring), slowed
A: fast, no casting, small, rugged brown scales 2, demonic magic 1
a: no special abilities


You were on level 2 of the Dungeon.
You were a filthy swine.
You visited 1 branch of the dungeon, and saw 2 of its levels.

You collected 85 gold pieces.

Inventory:

Hand Weapons
 a - a +0 quarterstaff (melded)
Missiles
 d - 3 throwing nets (quivered)
Armour
 b - a +0 leather armour (melded)
 c - a +0 helmet (melded)
Jewellery
 f - a ring of wizardry (melded)
 h - a ring of poison resistance (melded)
 m - an amulet of magic regeneration
Scrolls
 g - a scroll of enchant armour {unknown}
 j - a scroll of acquirement {unknown}
 n - a scroll of fear {unknown}
Potions
 e - a potion of curing {unknown}
 i - a potion of lignification {unknown}
 k - 2 potions of heal wounds {unknown}
 l - a potion of brilliance {unknown}


   Skills:
 + Level 2.7 Fighting
 + Level 3.2 Staves
 - Level 2.2 Throwing
 + Level 0.8 Armour
 + Level 3.2 Dodging


You had 3 spell levels left.
You didn't know any spells.
Your spell library contained the following spells:

 Spells                   Type           Power      Damage    Failure   Level
 Apportation              Tloc           0%         N/A       38%         1
 Alistair's Intoxication  Tmut/Pois      0%         N/A       100%        5


Dungeon Overview and Level Annotations

Branches:
Dungeon (2/15)

Altars:

Annotations:
D:2 Natasha


Innate Abilities, Weirdness & Mutations

You are a filthy swine.
You move quickly.
Your equipment is almost entirely melded.
You are incapable of wielding weapons or throwing items.
You cannot cast spells.
(You are mostly covered in rugged brown scales. (AC +2, +5% HP))
Spells you cast may paralyse adjacent enemies.


Message History

Natasha, Servant of Life and Death comes into view.
She is carrying a wand of polymorph (9).
The bat hits you but does no damage.
You closely miss the bat.
Natasha hisses angrily.
The bat misses you.
Natasha zaps a wand.
You resist with some effort. The bat misses you. Natasha casts a spell at you.
You feel yourself slow down. The bat barely misses you.
You closely miss the bat. The bat hits you but does no damage.
Natasha zaps a wand.
You turn into a filthy swine.
Your +0 quarterstaff melds into your body.
Your +0 helmet melds into your body.
Your +0 leather armour melds into your body.
Your ring of wizardry melds into your body.
Your ring of poison resistance melds into your body.
The bat hits you.
You hit the bat.
You kill the bat!
Natasha mumbles some strange words.
You feel disoriented.
You see here a bat corpse.
Natasha barely misses you.
You closely miss Natasha. Natasha claws you. x2
You closely miss Natasha. Natasha claws you.
You closely miss Natasha. Natasha barely misses you. x2
You barely miss Natasha. Natasha claws you!
You are too injured to fight recklessly!
You are too injured to fight recklessly!
Natasha hisses.
Natasha claws you!
* * * LOW HITPOINT WARNING * * *
Your transformation is almost over.
Natasha howls an incantation.
Natasha shimmers violently.
Natasha stares at you and mumbles some strange words.
The magic dart hits you.
* * * LOW HITPOINT WARNING * * *
Natasha casts a spell at you. The magic dart hits you.
You die...

#...######..... #..............
#.............. #..............
##### #.)...†........ #...###
#.............. #..^..##
#..............
#......######..............
#..........hh..............
#....#..############......#
#....##.# #...#### #.)..##.#
#...# # ##.#..#.# #.#.#####
#.##.#.# #.#.)##.. ###.##.#.#
###.#..##.#
##...##.#.########.......)...#
##.>...#.#..........###........


You could see Natasha.

Vanquished Creatures
  Natasha (D:2)
  A dart slug (D:1)
  5 endoplasms
  2 giant cockroaches
  6 goblins
  4 hobgoblins
  3 jackals (D:1)
  6 kobolds
  2 quokkas (D:1)
  4 ball pythons
  6 bats
  2 frilled lizards
  A rat (D:1)
43 creatures vanquished.

Notes
Turn   | Place    | Note
-------+----------+-------------------------------------------
     0 | D:1      | diana the Demonspawn Gladiator began the quest for the Orb.
     0 | D:1      | Reached XP level 1. HP: 16/16 MP: 1/1
   305 | D:1      | Found a faded altar of an unknown god.
   401 | D:1      | Gained mutation: You are partially covered in rugged brown
                  | scales. (AC +1, +3% HP) [demonic ancestry]
   401 | D:1      | Reached XP level 2. HP: 11/22 MP: 2/2
  1079 | D:1      | Gained mutation: You are mostly covered in rugged brown
                  | scales. (AC +2, +5% HP) [demonic ancestry]
  1079 | D:1      | Reached XP level 3. HP: 23/29 MP: 3/3
  1852 | D:2      | Noticed Natasha
  1856 | D:2      | Killed Natasha
  1882 | D:2      | Gained mutation: Spells you cast may paralyse adjacent
                  | enemies. [demonic ancestry]
  1882 | D:2      | Reached XP level 4. HP: 33/35 MP: 4/4
  2063 | D:2      | Noticed Natasha
  2078 | D:2      | HP: 1/35 [Natasha/magic dart (5)]
  2081 | D:2      | Killed from afar by Natasha

Illustrated notes

Levels and vault maps discovered:
D:1:      dpeg_arrival_pond, layout_loops_corners,
          ebering_ecumenical_altar_sacrificial
D:2:      layout_rooms, roderic_roman_lattice, minmay_close_crescents,
          uniq_natasha

Skill      XL: |  1  2 |
---------------+-------+-----
Throwing       | 2 |  2.2
Staves         | 3 |  3.2
Dodging        | 3 |  3.2
Fighting       | |  2.7
Armour         | |  0.8

Action                   |  1- 3 |  4- 6 || total
-------------------------+-------+-------++-------
Melee: Quarterstaff      |   100 |    15 ||   115
       Unarmed           |       |     5 ||     5
 Stab: Sleeping          |     3 |       ||     3
Armor: Leather armour    |    41 |     9 ||    50
Dodge: Dodged            |    89 |     9 ||    98
